cohdb
Replays
Latest Replays
All Replays
Popular Replays
Top Player Replays
Match Explorer
How It Works
Community
CoH3 Stats
Reddit
Sign in to upload your games and track your stats! →
Sign in with Steam
Match 45775594
Unlisted
Match 45775594
Overview
Messages
Build Orders
End
Construct Infanterie Kompanie
Pioneer Squad
Selects Terror Battlegroup
MG 42 Machine Gun Team
Selects Machine Gun Camouflage
Grenadier Squad
MG 42 Machine Gun Team
GrW 34 Mortar Team
Construct Panzergrenadier Kompanie
251 Medium Carrier
Pak 40 Anti-tank Gun Team
Construct Luftwaffe Kompanie
Support Elements
Jäger Squad
Selects Defend the Fatherland
MillenniumKnight
DireRadiant
AveugleVue
Sum
parkerpyliu
hnolbtg
0
0
Comments
sign in to comment!
No comments posted yet!